 Dungeon Sprint DCSS version 0.29-a0-187-ga23d9638d5 (webtiles) character file.

Game seed: 4083330333229327365

23 cyrus the Grave Robber (level 2, 0/19 HPs)
             Began as a Vampire Necromancer on Feb 21, 2022.
             Slain by a water moccasin (3 damage)
             ... in the Dungeon (Sprint IX: "|||||||||||||||||||||||||||||").
             The game lasted 00:00:53 (209 turns).

cyrus the Grave Robber (Vampire Necromancer)         Turns: 209, Time: 00:00:54

Health: 0/19       AC:  2    Str:  7    XL:     2   Next: 75%
Magic:  5/5        EV: 12    Int: 17    God:
Gold:   0          SH:  0    Dex: 14    Spells: 4/5 levels left

rFire   . . .      SeeInvis +   h - +0 whip
rCold   . . .      Faith    .   (no shield)
rNeg    . . .      Spirit   .   a - +0 robe
rPois   .          Reflect  .   (no helmet)
rElec   .          Harm     .   (no cloak)
rCorr   .          Rampage  .   (no gloves)
Will    .....      NoTele   +   (no boots)
Stlth   ++........              (no amulet)
HPRegen 0.26/turn               (no ring)
MPRegen 0.09/turn               (no ring)

@: lethally poisoned (0 -> -12), healing quickly
A: alive, fangs 3, see invisible, vampiric 1
a: Exsanguinate


You were in the Dungeon.
You visited 1 branch

Inventory:

Hand Weapons
 f - a +0 whip
 h - a +0 whip (weapon)
Armour
 a - a +0 robe (worn)
Scrolls
 g - a scroll of blinking
Potions
 d - a potion of haste
 e - 2 potions of magic


   Skills:
 + Level 0.3 Maces & Flails
 + Level 2.7 Dodging
 + Level 3.8 Stealth
 + Level 0.5 Unarmed Combat
 + Level 2.3 Spellcasting
 + Level 6.9 Necromancy


You had 4 spell levels left.
You knew the following spells:

 Your Spells              Type           Power      Damage    Failure   Level
a - Pain                  Necr           100%       1d9       1%          1

Your spell library contained the following spells:

 Spells                   Type           Power      Damage    Failure   Level
 Animate Skeleton         Necr           50%        N/A       1%          1
 Vampiric Draining        Necr           25%        2d7       3%          3
 Animate Dead             Necr           12%        N/A       11%         4
 Agony                    Necr           25%        N/A       30%         5


Dungeon Overview and Level Annotations

Branches:
Dungeon (1/1)

Altars:


Innate Abilities, Weirdness & Mutations

Your natural rate of healing is accelerated.
You have razor-sharp teeth.
You have supernaturally acute eyesight. (SInv)
You are afflicted with vampirism.


Message History

You closely miss the white imp. Your bite misses the white imp.
The white imp closely misses you.
You hit the white imp. Your punch misses the white imp.
The white imp is heavily wounded.
The white imp barely misses you.
You barely miss the white imp.
The white imp is heavily wounded.
The white imp closely misses you. The white imp barely misses you.
You hit the white imp.
The white imp is heavily wounded.
The white imp barely misses you.
You barely miss the white imp.
The white imp is heavily wounded.
The white imp shouts, "Escape, thou rough-hewn pigeon-egg jarkman!"
The white imp hits you. The white imp freezes you.
You hit the white imp.
The white imp is severely wounded.
The white imp hits you.
* * * LOW HITPOINT WARNING * * *
The white imp freezes you.
* * * LOW HITPOINT WARNING * * *
You closely miss the white imp. You bite the white imp.
The white imp is almost dead.
The white imp closely misses you.
Unknown command.
You feel much better. The white imp gestures at you.
The puff of frost hits you!
You hit the white imp.
You kill the white imp!
The water moccasin barely misses you.
You hit the water moccasin but do no damage.
Your bite misses the water moccasin. The water moccasin bites you. x2
You are lethally poisoned!
The water moccasin poisons you!
You barely miss the water moccasin.
* * * LOW HITPOINT WARNING * * *
You feel very sick. The water moccasin bites you.
You die...

▓+▓
▓.▓
▓.▓
▓Z▓
▓Z▓
▓S▓
▓@▓
▓.▓
▓.▓
▓÷▓
▓.▓
▓.▓
▓'▓
▓.▓
▓.▓


You could see a water moccasin, a bat zombie and a ball python skeleton.

Vanquished Creatures
  An adder (D)
  A white imp (D)
  A dart slug (D)
  A hobgoblin (D)
  2 kobolds (D)
  A rat (D)
7 creatures vanquished.

Notes
Turn   | Place    | Note
-------+----------+-------------------------------------------
     0 | D        | cyrus the Vampire Necromancer began the quest for the Orb.
     0 | D        | Reached XP level 1. HP: 13/13 MP: 3/3
    12 | D        | Reached skill level 5 in Necromancy
   190 | D        | Noticed a water moccasin
   198 | D        | Reached skill level 6 in Necromancy
   198 | D        | Reached XP level 2. HP: 4/19 MP: 5/5
   209 | D        | Slain by a water moccasin

Illustrated notes

Levels and vault maps discovered:
D:        linesprint [early_d, line_temple, items_1, d_10, items_2, lair_1,
          lair_end, items_3, orc_1, orc_end, items_4, d_15, swamp_1, shoals_1,
          snake_1, spider_1, d_20, vaults_1, items_5, swamp_end, shoals_end,
          snake_end, spider_end, vaults_end, d_27, items_6, zot_1, zot_end,
          crypt_end, forest_end, elf_end, slime_end, tomb_end, abyss_end,
          pan_hell_end]

Skill      XL: |  1 |
---------------+----+-----
Necromancy     | 6 |  6.9
Maces & Flails | |  0.3
Dodging        | |  2.7
Stealth        | |  3.8
Unarmed Combat | |  0.5
Spellcasting   | |  2.3

Action                   || total
-------------------------++-------
Melee: Unarmed           ||    12
       Whip              ||    16
       Bite              ||     2
  Use: Potion            ||     3
 Stab: Sleeping          ||     1
Armor: Robe              ||     2
Dodge: Dodged            ||    13

Table legend: (Time is in decaauts)
 A = Elapsed time spent in this place.
 B = Non-inter-level travel time spent in this place.
 C = Inter-level travel time spent in this place.
 D = Time resting spent in this place.
 E = Time spent auto-exploring this place.
 F = Levels seen in this place.
 G = Mean time per level.
                   A        B        C        D        E       F      G
               +--------+--------+--------+--------+--------+-----+--------+
         Total |    221 |    221 |      0 |    165 |      0 |   1 |  221.0 |
       Dungeon |    221 |    221 |      0 |    165 |      0 |   1 |  221.0 |
               +--------+--------+--------+--------+--------+-----+--------+

Top non-repeatable levels by time:
       D: 221 daAuts
